AoeStats
← AiM | CyclopsTron

Arabia

503534935Analyzed
4v4 RM · 1mo ago on Sep 1, 2026· 50m 53s· 8 players
Game mode
Random Map
Map size
Large (8 player)
Population
200
Speed
Normal
Resources
Standard
Victory
Conquest
Starting age
Dark Age
Ending age
Imperial Age
RankedLock teamsTeams togetherTeam positionsShared explorationLock speedFull tech treeHidden civsTurbo modeCheats
Victory
Defeat
🇲🇽 Maya · Mexico
1591
+11
🇨🇱 Franks · Chile
1567
+12
🇦🇷 Persians · Argentina
1526
+14
🇨🇱 Ethiopians · Chile
1482
+16
🇨🇱 Maya · Chile
1754
-25
🇨🇱 Magyars · Chile
1413
-10
🇨🇱 Persians · Chile
1394
-10
🇨🇱 Britons · Chile
1365
-9
AiM | EleuieseKa
6:45 Loom
9:11 Feudal Age
9:47 Double-Bit Axe
14:16 Wheelbarrow
14:11 Scale Barding Armor
19:57 Forging
23:56 Castle Age
25:14 Chain Barding Armor
26:22 Iron Casting
29:06 Bow Saw
29:50 Hand Cart
31:48 Husbandry
35:11 Town Watch
48:21 Imperial Age
46:21 Light Cavalry
48:33 Cavalier
49:50 Plate Barding Armor
50:16 Blast Furnace
AiM | Facu1414
6:53 Loom
9:05 Feudal Age
10:14 Double-Bit Axe
15:49 Scale Barding Armor
17:06 Forging
18:58 Bloodlines
22:26 Wheelbarrow
24:26 Castle Age
23:40 Gold Mining
25:49 Chain Barding Armor
26:04 Iron Casting
25:32 Husbandry
39:38 Hand Cart
45:57 Imperial Age
44:44 Horse Collar
46:46 Gold Shaft Mining
46:13 Heavy Plow
45:35 Cavalier
46:51 Plate Barding Armor
47:17 Blast Furnace
47:54 Savar
49:42 Town Watch
AiM | CyclopsTron
0:28 Loom
10:43 Feudal Age
13:58 Fletching
29:23 Castle Age
29:04 Gold Mining
29:35 Crossbowman
31:03 Bodkin Arrow
36:19 Town Watch
37:12 Wheelbarrow
46:56 Town Watch
47:53 Double-Bit Axe
51:00 Imperial Age
49:53 Bow Saw
AiM | Shuffle
6:48 Loom
9:20 Feudal Age
11:43 Fletching
17:00 Padded Archer Armor
24:08 Castle Age
22:10 Horse Collar
23:02 Gold Mining
23:32 Double-Bit Axe
24:20 Crossbowman
25:01 Bodkin Arrow
27:18 Ballistics
29:04 Wheelbarrow
30:30 Thumb Ring
31:17 Bow Saw
42:37 Imperial Age
42:21 Heavy Plow
43:19 Bracer
44:34 Chemistry
43:21 Arbalester
45:19 Leather Archer Armor
45:50 Caravan
47:33 Torsion Engines
50:07 Siege Engineers
LW | El Pencil ☭
8:30 Loom
10:32 Feudal Age
11:34 Double-Bit Axe
15:29 Fletching
18:11 Padded Archer Armor
29:16 Castle Age
28:57 Gold Mining
28:49 Horse Collar
29:27 Crossbowman
31:05 Bodkin Arrow
33:11 Ballistics
33:35 Wheelbarrow
32:46 Town Watch
34:20 Bow Saw
34:30 Elite Skirmisher
35:29 Leather Archer Armor
38:31 Town Watch
41:32 Stone Mining
42:17 Gold Shaft Mining
45:55 Imperial Age
44:12 Fortified Wall
46:22 Heavy Plow
46:43 Bracer
47:27 Arbalester
50:04 Chemistry
HR pikoLein
0:26 Loom
10:26 Feudal Age
14:26 Fletching
24:22 Castle Age
23:24 Padded Archer Armor
24:25 Crossbowman
25:03 Bodkin Arrow
27:43 Padded Archer Armor
29:56 Double-Bit Axe
32:28 Ballistics
37:06 Bow Saw
42:37 Stone Mining
44:22 Thumb Ring
48:43 Imperial Age
48:22 Wheelbarrow
48:06 Leather Archer Armor
48:30 Town Watch
49:26 Bracer
50:27 Chemistry
50:39 Conscription
QNA | Yoyi
6:34 Loom
9:29 Feudal Age
10:01 Double-Bit Axe
17:08 Scale Barding Armor
20:41 Bloodlines
26:27 Castle Age
28:03 Chain Barding Armor
28:15 Husbandry
31:43 Gold Mining
37:08 Light Cavalry
48:30 Horse Collar
PilSeN___
6:27 Loom
8:44 Feudal Age
9:07 Double-Bit Axe
12:12 Town Watch
17:53 Bloodlines
18:58 Scale Barding Armor
19:05 Forging
22:07 Castle Age
21:32 Forging
21:56 Horse Collar
23:23 Chain Barding Armor
23:57 Bow Saw
34:23 Wheelbarrow
35:28 Iron Casting
36:24 Husbandry
43:58 Gold Mining
44:11 Heavy Plow
52:14 Imperial Age
49:47 Town Patrol
Connection lost

Rejoining the realm…

Still unreachable

The connection could not be restored.

Session expired

The server has moved on; the page needs a fresh start.